 Dungeon Crawl Stone Soup version 0.31.0-11-ge490571c62 (webtiles) character file.

Game seed: 17021322059354302209

21705 Flugkiller the Fighter (level 12, 7/117 HPs)
             Began as a Minotaur Fighter on Jan 29, 2024.
             Was a Priest of Makhleb.
             Quit the game on level 2 of the Lair of Beasts.
             The game lasted 00:07:39 (15199 turns).

Flugkiller the Fighter (Minotaur Fighter)          Turns: 15199, Time: 00:07:40

Health: 7/117      AC: 22    Str: 22    XL:     12   Next: 56%
Magic:  16/16      EV:  9    Int: 12    God:    Makhleb [***...]
Gold:   407        SH:  7    Dex:  9    Spells: 11/11 levels left

rFire   . . .        a - +0 war axe
rCold   . . .        c - +1 buckler
rNeg    . . .        m - +6 scale mail of Vlad {rPois Str-3 Int+3}
rPois   +            C - +2 hat
rElec   .            A - +1 cloak
rCorr   .            l - +2 pair of gloves
SInv    +            (no boots)
Will    .....        (no amulet) Stlth
                     i - ring of see invisible
HPRegen 0.39/turn    (no ring)
MPRegen 0.15/turn

%: no passive effects
@: no status effects
A: horns 2, retaliatory headbutt, clever 1
a: Renounce Religion, Minor Destruction, Lesser Servant of Makhleb


You were on level 2 of the Lair of Beasts.
You worshipped Makhleb.
Makhleb was most pleased with you.
You visited 3 branches of the dungeon, and saw 15 of its levels.

You collected 647 gold pieces.
You spent 240 gold pieces at shops.

Inventory:

Hand Weapons
 a - a +0 war axe (weapon)
Armour
 b - a +0 scale mail
 c - a +1 buckler (worn)
 l - a +2 pair of gloves (worn)
   (You found it on level 5 of the Dungeon)
 m - the +6 scale mail of Vlad (worn) {rPois Str-3 Int+3}
   (You found it on level 10 of the Dungeon)

   Str-3:     It affects your strength (-3).
   Int+3:     It affects your intelligence (+3).
   rPois:     It protects you from poison
 p - a +0 plate armour
   (You found it on level 6 of the Dungeon)
 A - a +1 cloak (worn)
   (You took it off Crazy Yiuf on level 7 of the Dungeon)
 C - a +2 hat (worn)
   (You bought it in a shop on level 7 of the Dungeon)
Jewellery
 i - a ring of see invisible (left hand)
   (You took it off an orc priest on level 7 of the Dungeon)
 o - a ring of poison resistance
   (You found it on level 11 of the Dungeon)
 s - an amulet of guardian spirit
   (You found it on level 11 of the Dungeon)
Wands
 g - a wand of digging (7)
   (You found it on level 11 of the Dungeon)
 k - a wand of roots (2)
   (You found it on level 10 of the Dungeon)
Scrolls
 e - 2 scrolls of fear
 f - 3 scrolls of vulnerability
 h - a scroll of fog
 n - a scroll of enchant armour
 r - a scroll of identify
 t - 4 scrolls of teleportation
 x - a scroll of brand weapon
 y - 2 scrolls of revelation
Potions
 d - 2 potions of might
 j - a potion of berserk rage {unknown}
 q - 3 potions of curing
 u - a potion of cancellation
 v - 3 potions of mutation
 B - a potion of ambrosia {unknown}


   Skills:
 * Level 14.0 Fighting
 * Level 13.9 Axes
 + Level 10.6 Armour
 + Level 10.6 Shields
 + Level 7.1 Invocations


You had 11 spell levels left.
You didn't know any spells.
Your spell library contained the following spells:

 Spells                   Type           Power      Damage    Failure   Level
 Shock                    Conj/Air       0%         1d3       63%         1
 Dazzling Flash           Conj/Hex       0%         N/A       94%         3
 Mephitic Cloud           Conj/Alch/Air  0%         N/A       94%         3
 Swiftness                Air            0%         N/A       94%         3
 Tukima's Dance           Hex            0%         N/A       94%         3
 Airstrike                Air            0%         2d(0-16)  100%        4
 Passage of Golubria      Tloc           0%         N/A       100%        4
 Vhi's Electric Charge    Tloc/Air       0%         N/A       100%        4
 Arcjolt                  Conj/Air       0%         1d10      100%        5
 Curse of Agony           Necr           0%         N/A       100%        5
 Silence                  Hex/Air        0%         N/A       100%        5
 Yara's Violent Unravell  Hex/Alch       0%         3d3       100%        5
 Conjure Ball Lightning   Conj/Air       0%         3x3d6     100%        6
 Plasma Beam              Fire/Air       0%         2x1d10    100%        6
 Discord                  Hex            0%         N/A       100%        8
 Disjunction              Tloc           0%         N/A       100%        8
 Lehudib's Crystal Spear  Conj/Erth      0%         10d2      100%        8


Dungeon Overview and Level Annotations

Branches:
Dungeon (12/15)            Temple (1/1) D:5            Lair (2/5) D:11
 Shoals (0/4) Lair:2          Orc (0/2) D:10
  Snake: Lair:2-3    Spider: Lair:2-3

Altars:
Ashenzari
Cheibriados
Dithmenos
Elyvilon
Fedhas
Gozag
Hepliaklqana
Kikubaaqudgha
Makhleb
Nemelex Xobeh
Okawaru
Qazlal
Ru
Sif Muna
Trog
Uskayaw
Vehumet
Wu Jian
Xom
Yredelemnul
Zin
The Shining One

Shops:
D:7 [

Annotations:
D:6 exclusion: door
Lair:2 Erica


Innate Abilities, Weirdness & Mutations

You have a pair of horns on your head.
You reflexively headbutt those who attack you in melee.
Your mind is acute. (Int +4, Str/Dex -1)


Message History

The seven-headed hydra bites your ynoxinul!
The seven-headed hydra bites your ynoxinul but does no damage.
The seven-headed hydra bites your ynoxinul!
Your ynoxinul dies!
Your ynoxinul disappears in a puff of smoke!
Your ufetubus disappears in a puff of smoke!
An elephant comes into view.
A demon appears!
The elephant trumpets!
You hear a trumpeting!
The wolf bites you but does no damage. You block the wolf's attack.
The wolf bites you. The black bear closely misses you. You furiously retaliate!
You headbutt the black bear. You block the black bear's attack.
The black bear claws you. You block the wolf's attack.
The wolf barely misses you. You furiously retaliate!
You headbutt the wolf! You block the wolf's attack.
The seven-headed hydra bites you but does no damage. x2
The seven-headed hydra bites you.
* * * LOW HITPOINT WARNING * * *
The seven-headed hydra bites you but does no damage. x2
The seven-headed hydra misses you.
The seven-headed hydra closely misses you.
Your smoke demon hits the wolf.
Your smoke demon misses the wolf. x2
You chop one of the seven-headed hydra's heads off!
The six-headed hydra grows two more!
You slash the eight-headed hydra!
Your headbutt misses the eight-headed hydra.
The eight-headed hydra is heavily wounded.
You hit the wolf but do no damage. You slash the wolf!
You block the wolf's attack. The wolf bites you but does no damage.
The wolf barely misses you. You furiously retaliate!
You headbutt the wolf. The eight-headed hydra bites you.
* * * LOW HITPOINT WARNING * * *
The eight-headed hydra bites you.
* * * LOW HITPOINT WARNING * * *
The eight-headed hydra bites you but does no damage.
You block the eight-headed hydra's attack.
The eight-headed hydra bites you but does no damage.
The eight-headed hydra bites you.
* * * LOW HITPOINT WARNING * * *
The eight-headed hydra bites you.
* * * LOW HITPOINT WARNING * * *
The eight-headed hydra bites you.
* * * LOW HITPOINT WARNING * * *
Okay, then.
Aiming: Fastroot
Press: ? - help, Shift-Dir - straight line, f - eight-headed hydra
Aim: an eight-headed hydra (heavily wounded, weak)
The roots erupt in riotous growth!
Roots grab the eight-headed hydra.
Roots grab the wolf. x2
The grasping roots constrict the eight-headed hydra.
The grasping roots constrict the wolf. x2
You hear a trumpeting!
You hear an angry hiss.
The wolf bites you but does no damage.
The wolf struggles to escape constriction.
Your smoke demon misses the wolf.
Your smoke demon hits the wolf.
Your smoke demon barely misses the wolf.
An elephant comes into view.
You block the wolf's attack. x2; The eight-headed hydra bites you.
* * * LOW HITPOINT WARNING * * *
The eight-headed hydra bites you but does no damage.
The eight-headed hydra completely misses you.
The eight-headed hydra bites you.
* * * LOW HITPOINT WARNING * * *
The eight-headed hydra misses you.
The eight-headed hydra barely misses you.
The eight-headed hydra misses you.
The eight-headed hydra bites you but does no damage.
Unknown command.
You feel much better.
The grasping roots constrict the eight-headed hydra!
The grasping roots constrict the wolf. x2
The eight-headed hydra is no longer weakened.
The roots release their grip on the eight-headed hydra.
The roots release their grip on the wolf.
The wolf struggles to escape constriction.
The wolf barely misses you. x2; Your smoke demon hits the wolf!
Your smoke demon hits the wolf.
Your smoke demon misses the wolf.
The wolf struggles to escape constriction.
The wolf closely misses you.
The eight-headed hydra bites you but does no damage.
You block the eight-headed hydra's attack.
The eight-headed hydra bites you but does no damage.
The eight-headed hydra bites you!
* * * LOW HITPOINT WARNING * * *
The eight-headed hydra bites you!
* * * LOW HITPOINT WARNING * * *
The eight-headed hydra bites you.
* * * LOW HITPOINT WARNING * * *
The eight-headed hydra barely misses you.
The eight-headed hydra bites you!
* * * LOW HITPOINT WARNING * * *
The wolf bites you but does no damage.
Blink to where?
Press: ? - help, Dir - move target, p - eight-headed hydra Erica the Fiery-Tempered comes into view.
She is wielding a +2 scimitar of flaming.
As you read the scroll of blinking, it crumbles to dust.
The grasping roots constrict the wolf.
Erica shouts!
The roots release their grip on the wolf.
Unknown command.
Are you sure you want to abandon this character and quit the game? (Confirm with "yes".)

.##..# ##.# ##.#.#.# .......
..#..# #..####....... .........
###...##P..##.#.#.#.####.......#
##.####.####....>..##..$P...Y#
... #.# #.#.#.#.#.#......P.##
#.. #.## #.......###..#.....P
##.P# #.#.#.###....Y..... #..##
#.hh...D†Y#.3..... ##..###
#@##.###...h......
#.###..##.###.#### ###§#......
#..............## ### $....
#.#####.........P#### ...#
###..P#......... .#.
#####.....#.## .. #......... .
.........# #P#...#####


You could see an eight-headed hydra and 2 wolves.

Vanquished Creatures
  Jorgrun (D:11)
  A two-headed ogre (D:12)
  A boulder beetle (D:11)
  A skyshark (Lair:2)
  3 harpies (Lair:2)
  2 ugly things (D:11)
  2 black mambas (Lair:1)
  A gargoyle (D:12)
  8 cane toads (Lair:1)
  Joseph (Lair:1)
  A komodo dragon (Lair:1)
  2 unseen horrors
  A kobold demonologist (D:12)
  A rime drake (Lair:1)
  5 trolls
  2 wraiths
  A shadow (D:11)
  30 yaks
  A fire elemental (D:9)
  Edmund (D:5)
  9 water moccasins
  Duvessa (D:4)
  A sky beast (D:6)
  6 orc warriors
  An ogre (D:6)
  4 centaurs
  12 wolves
  2 phantoms (D:4)
  2 kobold brigands
  4 bullfrogs
  A gnoll sergeant (D:10)
  5 scorpions
  Dowan (D:4)
  5 electric eels
  2 vampire bats (D:7)
  6 howler monkeys
  2 jellies
  5 hounds
  4 orc priests
  Crazy Yiuf (D:7)
  A gnoll bouda (D:9)
  A sleepcap (D:7)
  4 iguanas
  Natasha (thrice) (D:3)
  6 orc wizards
  15 gnolls
  13 adders
  2 shadow imps
  A white imp (D:5)
  4 ufetubi
  A ribbon worm (D:2)
  36 orcs
  6 endoplasms
  4 giant cockroaches
  A goblin (D:1)
  8 hobgoblins
  5 jackals (D:1)
  17 kobolds
  2 quokkas
  4 ball pythons
  10 bats
  10 frilled lizards (D:1)
  4 rats
298 creatures vanquished.

Vanquished Creatures (others)
  An adder (D:6)
1 creature vanquished.

Grand Total: 299 creatures vanquished

Notes
Turn   | Place    | Note
-------+----------+-------------------------------------------
     0 | D:1      | Flugkiller the Minotaur Fighter began the quest for the
                  | Orb.
     0 | D:1      | Reached XP level 1. HP: 19/19 MP: 0/0
   152 | D:1      | Reached XP level 2. HP: 26/27 MP: 1/1
   212 | D:1      | Reached skill level 4 in Fighting
   515 | D:1      | Reached XP level 3. HP: 31/33 MP: 2/2
   749 | D:1      | Found a faded altar of an unknown god.
  1210 | D:2      | Found an ancient bone altar of Kikubaaqudgha.
  1350 | D:2      | Reached XP level 4. HP: 41/41 MP: 3/3
  1689 | D:3      | Noticed Natasha
  1696 | D:3      | Killed Natasha
  1999 | D:3      | Reached XP level 5. HP: 47/47 MP: 4/4
  2072 | D:3      | Noticed Natasha
  2079 | D:3      | Reached skill level 5 in Fighting
  2084 | D:3      | Killed Natasha
  2231 | D:3      | Noticed Natasha
  2237 | D:3      | Killed Natasha
  2855 | D:3      | Found a glowing golden altar of the Shining One.
  2855 | D:3      | Found a hide-covered altar of Uskayaw.
  3136 | D:4      | Noticed Duvessa
  3137 | D:4      | Noticed Dowan
  3146 | D:4      | Gained mutation: Your mind is acute. (Int +4, Str/Dex -1)
                  | [potion of mutation]
  3151 | D:4      | Killed Duvessa
  3152 | D:4      | Reached skill level 5 in Axes
  3152 | D:4      | Reached XP level 6. HP: 37/57 MP: 5/5
  3171 | D:4      | Reached skill level 6 in Fighting
  3171 | D:4      | Killed Dowan
  3416 | D:4      | Reached skill level 5 in Armour
  3416 | D:4      | Reached skill level 5 in Shields
  3416 | D:4      | Reached XP level 7. HP: 60/64 MP: 6/6
  3996 | D:5      | Entered Level 5 of the Dungeon
  4028 | D:5      | Noticed Edmund
  4043 | D:5      | Killed Edmund
  4044 | D:5      | Reached skill level 7 in Fighting
  4141 | D:5      | Found a staircase to the Ecumenical Temple.
  4212 | Temple   | Entered the Ecumenical Temple
  4487 | Temple   | Became a worshipper of Makhleb the Destroyer
  4644 | D:5      | Reached XP level 8. HP: 57/73 MP: 7/7
  5081 | D:6      | Reached skill level 1 in Invocations
  5087 | D:6      | Reached skill level 8 in Fighting
  6083 | D:6      | Reached XP level 9. HP: 62/82 MP: 9/9
  6370 | D:7      | Reached skill level 9 in Fighting
  6469 | D:7      | You fall into a shaft and drop 2 floors!
  6509 | D:9      | Reached * piety under Makhleb
  6601 | D:9      | Killed an unseen horror
  6962 | D:7      | Found a snail-covered altar of Cheibriados.
  7262 | D:7      | Reached skill level 10 in Fighting
  7403 | D:7      | Found Jeshacun's Armour Boutique.
  7406 | D:7      | Bought a +2 hat for 240 gold pieces
  7603 | D:7      | Found an iron altar of Okawaru.
  7603 | D:7      | Found a shadowy altar of Dithmenos.
  7641 | D:7      | Found a runed translucent door.
  7642 | D:7      | Noticed Crazy Yiuf
  7885 | D:7      | Killed Crazy Yiuf
  7936 | D:8      | Identified the staff of Overwhelming Force {rN+ Int+3
                  | Stlth+ Necro Air}
  8013 | D:8      | Reached ** piety under Makhleb
  8023 | D:8      | Reached XP level 10. HP: 93/93 MP: 11/11
  8121 | D:8      | Reached skill level 10 in Axes
  9116 | D:9      | Noticed a deep elf pyromancer
  9122 | D:9      | HP: 2/94 [deep elf pyromancer/bolt of fire (32)]
  9526 | D:10     | Entered Level 10 of the Dungeon
  9694 | D:10     | Found a sacrificial altar of Ru.
  9872 | D:10     | Identified the +6 scale mail of Vlad {rPois Str-3 Int+3}
 10170 | D:10     | Found a bloodstained altar of Trog.
 10286 | D:10     | Found a staircase to the Orcish Mines.
 10408 | D:10     | Found a hazy altar of Hepliaklqana.
 10549 | D:11     | Reached skill level 11 in Fighting
 10793 | D:11     | Noticed an eight-headed hydra
 10802 | D:11     | Noticed a cyan ugly thing
 10880 | D:11     | Found a staircase to the Lair.
 10988 | D:11     | Noticed a cyan ugly thing
 11008 | D:11     | Killed a cyan ugly thing
 11012 | D:11     | Reached skill level 5 in Invocations
 11020 | D:11     | Killed a cyan ugly thing
 11024 | D:11     | Reached *** piety under Makhleb
 11037 | D:11     | Noticed a boulder beetle
 11054 | D:11     | Killed a boulder beetle
 11055 | D:11     | Reached XP level 11. HP: 61/104 MP: 13/13
 11892 | D:12     | Noticed Jorgrun
 11915 | D:11     | Killed Jorgrun
 11916 | D:11     | Reached skill level 12 in Fighting
 12168 | D:12     | Noticed a soul eater
 12174 | D:12     | Noticed a soul eater
 12527 | D:12     | Noticed a two-headed ogre
 12537 | D:12     | Killed a two-headed ogre
 13020 | Lair:1   | Entered Level 1 of the Lair of Beasts
 13087 | Lair:1   | Noticed Joseph
 13324 | Lair:1   | Killed Joseph
 13446 | Lair:1   | Reached skill level 13 in Fighting
 13542 | Lair:1   | Reached skill level 10 in Armour
 13542 | Lair:1   | Reached skill level 10 in Shields
 13542 | Lair:1   | Reached XP level 12. HP: 101/115 MP: 15/15
 13985 | Lair:1   | Reached **** piety under Makhleb
 14850 | Lair:2   | Found a staircase to the Shoals.
 15059 | Lair:2   | Reached skill level 14 in Fighting
 15174 | Lair:2   | Noticed a six-headed hydra
 15194 | Lair:2   | HP: 5/117 [eight-headed hydra (7)]
 15195 | Lair:2   | Noticed Erica
 15199 | Lair:2   | Quit the game

Illustrated notes

Levels and vault maps discovered:
D:1:      dpeg_arrival_rooms_a, layout_loops_ring,
          hellmonk_ecumenical_altar_inner_sanctum, minmay_lizard_king
D:2:      layout_basic, basic_altar, minmay_pentomino_t2
D:3:      layout_basic, gammafunk_temple_overflow_elements, uniq_natasha
D:4:      layout_loops_ring, uniq_duvessa
D:5:      layout_gridville, temple_pool_b, uniq_edmund
D:6:      layout_cave_pods, kennysheep_potato
D:7:      layout_basic, mainiacjoe_overflow_catwalk,
          mainiacjoe_overflow_divided_tiny, serial_shops,
          nicolae_shop_tiny_real_fake_doors, st_stairs_11, corexii_checkpoint,
          roderic_batcave, uniq_crazy_yiuf_cottage
D:8:      layout_loops_cross, nicolae_twisty_statue_hallways
D:9:      layout_basic, dilly_guarded_unrand_elemental_staff
D:10:     layout_roguey, lemuel_doored_altar, worldfamousw_hep_ancestral_shrine,
          nicolae_ru_sacrificial_ziggurat, orc_0_dummy
D:11:     layout_basic, erik_lair_island
D:12:     layout_roguey, minmay_misc_feat_hallway, nicolae_eternal_life,
          uniq_jorgrun
Temple:   eino_temple_water
Lair:1:   minmay_lair_venomous_thicket, layout_concentric_octagons,
          grunt_megastairs_4, serial_bayou_shore_a, uniq_joseph
Lair:2:   layout_loops_ring, nicolae_shoals_entry_roost,
          spider_nest_entry_funnel_web, basic_altar, st_stairs_12,
          serial_bayou_ford_a, uniq_erica

Skill      XL: |  1  2  3  4  5  6  7  8  9 10 11 12 |
---------------+-------------------------------------+-----
Fighting       | 4 5 6 7 8 10 11 13 14 | 14.0
Axes           | 3 4 5 6 8 9 11 12 13 | 13.9
Armour         | 4 5 6 7 8 10 | 10.6
Shields        | 4 5 6 7 8 10 | 10.6
Invocations    | 2 3 5 6 7 |  7.1

Action                     |  1- 3 |  4- 6 |  7- 9 | 10-12 || total
---------------------------+-------+-------+-------+-------++-------
  Melee: War axe           |    86 |    81 |   305 |   540 ||  1012
         Headbutt          |    12 |    11 |    70 |   119 ||   212
         Unarmed           |       |     4 |       |       ||     4
 Invoke: Lesser Servant of |       |       |       |     6 ||     6
  Evoke: Wand              |       |       |       |    14 ||    14
    Use: Potion            |       |     6 |     2 |     8 ||    16
         Scroll            |       |       |     5 |    15 ||    20
 Armour: Scale mail        |    64 |    55 |    72 |   589 ||   780
         Plate armour      |       |       |   192 |   100 ||   292
  Dodge: Dodged            |    39 |    40 |    92 |   274 ||   445
  Block: Buckler           |    22 |    15 |    96 |   263 ||   396
